 Dungeon Crawl Stone Soup version 0.28-a0-938-gbc3f381ebc (webtiles) character file.

Game seed: 16261118959338785617

166 McGhostyFace the Stinger (level 5, 0/37 HPs)
             Began as a Gnoll Venom Mage on Nov 29, 2021.
             Killed from afar by an electric eel (13 damage)
             ... with a bolt of electricity
             ... on level 3 of the Dungeon.
             The game lasted 00:06:44 (3732 turns).

McGhostyFace the Stinger (Gnoll Venom Mage)         Turns: 3732, Time: 00:06:44

Health: 0/37       AC:  4    Str:  7    XL:     5   Next: 47%
Magic:  8/12       EV: 12    Int: 16    God:
Gold:   176        SH:  0    Dex: 12    Spells: 6/14 levels left

rFire   . . .      SeeInvis .   j - +3 great sword (flame)
rCold   . . .      Faith    .   (shield currently unavailable)
rNeg    . . .      Spirit   .   f - +0 leather armour
rPois   .          Reflect  .   (no helmet)
rElec   .          Harm     .   (no cloak)
rCorr   .          Rampage  .   e - +0 pair of gloves
Will    .....                   (no boots)
Stlth   ++........              h - amulet of regeneration
HPRegen 0.92/turn               (no ring)
MPRegen 0.13/turn               (no ring)

@: radiating poison
A: fangs 1, strong nose, distributed training
a: no special abilities


You were on level 3 of the Dungeon.
You visited 1 branch of the dungeon, and saw 3 of its levels.

You collected 176 gold pieces.

Inventory:

Hand Weapons
 i - a +0 spear
 j - a +3 great sword of flaming (weapon)
Armour
 e - a +0 pair of gloves (worn)
 f - a +0 leather armour (worn)
Jewellery
 h - an amulet of regeneration (around neck)
Wands
 l - a wand of digging (5)
 m - a wand of flame (26)
Scrolls
 a - 3 scrolls of enchant weapon {unknown}
 b - 2 scrolls of enchant armour {unknown}
 c - 5 scrolls of identify {unknown}
 g - a scroll of amnesia {unknown}
 k - a scroll of fear {unknown}
Potions
 d - 3 potions of curing {unknown}


   Skills:
 + Level 1.5 Fighting
 + Level 1.5 Short Blades
 + Level 1.5 Long Blades
 + Level 1.5 Axes
 + Level 1.5 Maces & Flails
 + Level 1.5 Polearms
 + Level 1.5 Staves
 + Level 1.5 Slings
 + Level 1.5 Bows
 + Level 1.5 Crossbows
 + Level 1.5 Throwing
 + Level 1.5 Armour
 + Level 4.8 Dodging
 + Level 4.4 Stealth
 + Level 1.5 Shields
 + Level 1.5 Unarmed Combat
 + Level 5.2 Spellcasting
 + Level 1.2 Conjurations
 + Level 1.2 Hexes
 + Level 1.2 Summonings
 + Level 1.2 Necromancy
 + Level 1.2 Translocations
 + Level 2.4 Transmutations
 + Level 1.2 Fire Magic
 + Level 1.2 Ice Magic
 + Level 1.2 Air Magic
 + Level 1.2 Earth Magic
 + Level 5.5 Poison Magic
 + Level 1.7 Invocations
 + Level 1.5 Evocations


You had 6 spell levels left.
You knew the following spells:

 Your Spells              Type           Power      Damage    Failure   Level
a - Sting                 Tmut/Pois      64%        1d6       4%          1
b - Mephitic Cloud        Conj/Pois/Air  12%        N/A       22%         3
c - Olgreb's Toxic Radia  Pois           22%        N/A       22%         4

Your spell library contained the following spells:

 Spells                   Type           Power      Damage    Failure   Level
 Poisonous Vapours        Pois/Air       30%        N/A       9%          2


Dungeon Overview and Level Annotations

Branches:
Dungeon (3/15)

Altars:
Kikubaaqudgha
Nemelex Xobeh

Shops:
D:1 =   D:2 =

Annotations:
D:3 1 transporter


Innate Abilities, Weirdness & Mutations

You have very sharp teeth.
Your uncanny sense of smell can sniff out nearby items.
Your experience applies equally to all skills.


Message History

The electric eel shoots out a bolt of lightning at you!
The bolt of electricity hits you! The bolt of electricity misses you.
Casting: Sting (safe; 4% risk of failure)
Confirm with . or Enter, or press ? or * to list all spells.
Aiming: Sting (safe; 4% risk of failure)
Press: ? - help, Shift-Dir - straight line, f/p - electric eel
Aim: an electric eel (57% to hit)
The sting hits the electric eel.
The electric eel is poisoned.
The electric eel is lightly wounded.
The electric eel shoots out a bolt of lightning at you!
The bolt of electricity hits you! x2
* * * LOW HITPOINT WARNING * * *
You close the door.
You start resting.
The electric eel looks more healthy.
You start resting.
Magic restored.
You start resting.
HP restored.
You open the door.
The electric eel shoots out a bolt of lightning at you!
The bolt of electricity hits you! x2
Casting: Sting (safe; 4% risk of failure)
Confirm with . or Enter, or press ? or * to list all spells.
Okay, then.
Unknown command.
Casting: Sting (safe; 4% risk of failure)
Confirm with . or Enter, or press ? or * to list all spells.
The spell is extremely dangerous to cast (22% risk of failure)!
Continue anyway?
Okay, then.
Casting: Olgreb's Toxic Radiance (extremely dangerous; 22% risk of failure)
Confirm with . or Enter, or press ? or * to list all spells.
The spell is extremely dangerous to cast (22% risk of failure)!
Continue anyway? [Y]es or [N]o only, please.
The spell is extremely dangerous to cast (22% risk of failure)!
Continue anyway?
You begin to radiate toxic energy.
The electric eel is poisoned. x2
The electric eel looks even sicker. x2
The electric eel shoots out a bolt of lightning at you!
The bolt of electricity hits you! x2
You die...

...........# #.....#....#
.....<....## #.###>#...##
.........#####.###.....#
......#####....#....#..#
......# #.###.(......#
......#####.....©......#
.............#######...###
......##..#..#8.©.8#.....#
......##.##..#P.@.P#..##.##
......##.##..###'###..##..#
#........#...#S...S#..##..#
.....#.......#S...S#..##.##
#.##.....#...#≈...≈#..#..#
........####.#≈.⌠.≈#....##
..#####...#..#≈...≈#..###
..### ##.....#≈...≈#..#
....####.....#≈...≈#..#


You could see 4 electric eels.

Vanquished Creatures
  A scorpion (D:3)
  7 gnolls
  A dart slug (D:3)
  3 bats
  3 bat zombies (D:3)
  6 endoplasms
  2 giant cockroaches (D:1)
  4 goblins (D:2)
  A hobgoblin (D:3)
  5 kobolds
  A quokka (D:1)
  4 ball pythons
  A frilled lizard (D:2)
  A rat (D:2)
  3 rat zombies (D:3)
43 creatures vanquished.

Notes
Turn   | Place    | Note
-------+----------+-------------------------------------------
     0 | D:1      | McGhostyFace the Gnoll Venom Mage began the quest for the
                  | Orb.
     0 | D:1      | Reached XP level 1. HP: 13/13 MP: 6/6
    38 | D:1      | Found Jaudd's Jewellery Shoppe.
   456 | D:1      | Found a faded altar of an unknown god.
   739 | D:1      | Reached XP level 2. HP: 8/19 MP: 2/7
  1758 | D:2      | Found a sparkling altar of Nemelex Xobeh.
  1874 | D:2      | Found Anelala's Jewellery Shoppe.
  2247 | D:2      | Reached skill level 5 in Spellcasting
  2247 | D:2      | Reached XP level 3. HP: 25/25 MP: 0/9
  2423 | D:2      | Reached skill level 1 in Invocations
  2609 | D:2      | Reached skill level 1 in Fighting
  2609 | D:2      | Reached skill level 1 in Short Blades
  2609 | D:2      | Reached skill level 1 in Long Blades
  2609 | D:2      | Reached skill level 1 in Axes
  2609 | D:2      | Reached skill level 1 in Maces & Flails
  2609 | D:2      | Reached skill level 1 in Polearms
  2609 | D:2      | Reached skill level 1 in Staves
  2609 | D:2      | Reached skill level 1 in Slings
  2609 | D:2      | Reached skill level 1 in Bows
  2609 | D:2      | Reached skill level 1 in Crossbows
  2609 | D:2      | Reached skill level 1 in Throwing
  2609 | D:2      | Reached skill level 1 in Armour
  2609 | D:2      | Reached skill level 1 in Shields
  2609 | D:2      | Reached skill level 1 in Unarmed Combat
  2609 | D:2      | Reached skill level 1 in Evocations
  2661 | D:2      | Learned a level 3 spell: Mephitic Cloud
  2759 | D:2      | Reached XP level 4. HP: 32/32 MP: 9/11
  2764 | D:2      | Learned a level 4 spell: Olgreb's Toxic Radiance
  2991 | D:3      | Noticed a scorpion
  3001 | D:3      | Killed a scorpion
  3002 | D:3      | Reached skill level 1 in Conjurations
  3002 | D:3      | Reached skill level 1 in Hexes
  3002 | D:3      | Reached skill level 1 in Summonings
  3002 | D:3      | Reached skill level 1 in Necromancy
  3002 | D:3      | Reached skill level 1 in Translocations
  3002 | D:3      | Reached skill level 1 in Fire Magic
  3002 | D:3      | Reached skill level 1 in Ice Magic
  3002 | D:3      | Reached skill level 1 in Air Magic
  3002 | D:3      | Reached skill level 1 in Earth Magic
  3002 | D:3      | Reached XP level 5. HP: 22/37 MP: 6/12
  3146 | D:3      | Found a transporter.
  3155 | D:3      | Found a transporter.
  3291 | D:3      | Found an ancient bone altar of Kikubaaqudgha.
  3732 | D:3      | Killed from afar by an electric eel

Illustrated notes

Levels and vault maps discovered:
D:1:      lemuel_arrival_broad_hall, layout_basic, serial_shops,
          nicolae_square_shop, shapermc_ecumenical_altar_notcrosses,
          serial_forest, infiniplex_forest_zigzag_2, infiniplex_forest_clump_C,
          infiniplex_forest_straight_4, infiniplex_forest_diagonal,
          infiniplex_forest_straight_2, infiniplex_forest_straight_2,
          infiniplex_forest_lined_ring
D:2:      layout_rooms, basic_altar, serial_shops, nicolae_diamond_shop
D:3:      gammafunk_steamed_eel, layout_rooms, lemuel_zombie_altar_kikubaaqudgha

Skill      XL: |  1  2  3  4 |
---------------+-------------+-----
Transmutations | 2 |  2.4
Spellcasting   | 5 |  5.2
Invocations    | 1 |  1.7
Fighting       | 1 |  1.5
Short Blades   | 1 |  1.5
Long Blades    | 1 |  1.5
Axes           | 1 |  1.5
Maces & Flails | 1 |  1.5
Polearms       | 1 |  1.5
Staves         | 1 |  1.5
Slings         | 1 |  1.5
Bows           | 1 |  1.5
Crossbows      | 1 |  1.5
Throwing       | 1 |  1.5
Armour         | 1 |  1.5
Shields        | 1 |  1.5
Unarmed Combat | 1 |  1.5
Evocations     | 1 |  1.5
Conjurations   | 1 |  1.2
Hexes          | 1 |  1.2
Summonings     | 1 |  1.2
Necromancy     | 1 |  1.2
Translocations | 1 |  1.2
Fire Magic     | 1 |  1.2
Ice Magic      | 1 |  1.2
Air Magic      | 1 |  1.2
Earth Magic    | 1 |  1.2
Dodging        | |  4.8
Stealth        | |  4.4
Poison Magic   | |  5.5

Action                   |  1- 3 |  4- 6 || total
-------------------------+-------+-------++-------
Melee: Bite              |     1 |     1 ||     2
       Unarmed           |     1 |       ||     1
       Spear             |     1 |       ||     1
       Great sword       |       |    48 ||    48
 Cast: Sting             |    49 |    11 ||    60
       Olgreb's Toxic Ra |       |     2 ||     2
 Stab: Sleeping          |       |     3 ||     3
Armor: Robe              |     3 |       ||     3
       Leather armour    |     3 |    35 ||    38
Dodge: Dodged            |     9 |    53 ||    62

Table legend: (Time is in decaauts)
 A = Elapsed time spent in this place.
 B = Non-inter-level travel time spent in this place.
 C = Inter-level travel time spent in this place.
 D = Time resting spent in this place.
 E = Time spent auto-exploring this place.
 F = Levels seen in this place.
 G = Mean time per level.
                   A        B        C        D        E       F      G
               +--------+--------+--------+--------+--------+-----+--------+
         Total |   3762 |   3522 |    240 |   1453 |   1616 |   3 | 1254.0 |
       Dungeon |   3762 |   3522 |    240 |   1453 |   1616 |   3 | 1254.0 |
               +--------+--------+--------+--------+--------+-----+--------+

Top non-repeatable levels by time:
     D:1: 1933 daAuts
     D:2: 999 daAuts
     D:3: 830 daAuts
